AoeStats
← ercoba92

Pilgrims

509922253Analyzed
2v2 RM · 4d ago on Sep 28, 2026· 24m 54s· 4 players
Game mode
Random Map
Map size
Medium (4 player)
Population
200
Speed
Normal
Resources
Standard
Victory
Conquest
Starting age
Dark Age
Ending age
Imperial Age
RankedLock teamsTeams togetherTeam positionsShared explorationLock speedFull tech treeHidden civsTurbo modeCheats
Victory
Defeat
🇩🇪 Khitans · Germany
986
+15
🇩🇪 Varangians · Germany
908
+18
🇪🇸 Inca · Spain
961
-46
🇪🇸 Huns · Spain
955
-46
LeitW0LF
3:32 Loom
12:15 Feudal Age
12:42 Double-Bit Axe
13:02 Fishing Lines
14:47 Wheelbarrow
22:10 Castle Age
20:40 Forging
20:21 Fletching
21:09 Stone Mining
21:59 Scale Mail Armor
22:00 Padded Archer Armor
23:35 Medium Warships
25:30 Stone Shaft Mining
Mr.Herzberg
11:43 Feudal Age
12:16 Double-Bit Axe
13:17 Domestication
14:52 Forging
22:01 Castle Age
20:24 Gold Mining
21:24 Scale Barding Armor
24:26 Pastoralism
24:38 Bow Saw
25:16 Iron Casting
24:55 Husbandry
ercoba92
13:20 Feudal Age
Kaimo70
14:33 Feudal Age
15:06 Town Watch
15:07 Horse Collar
18:59 Loom
Connection lost

Rejoining the realm…

Still unreachable

The connection could not be restored.

Session expired

The server has moved on; the page needs a fresh start.